 Dungeon Crawl Stone Soup version 0.28-a0-312-gbced6e68ee (webtiles) character file.

Game seed: 3280162534939420930

40 Archison the Sneak (level 3, -2/16 HPs)
             Began as a Spriggan Enchanter on Aug 30, 2021.
             Slain by a goblin (3 damage)
             ... led by Robin
             ... on level 2 of the Dungeon.
             The game lasted 00:06:15 (2059 turns).

Archison the Sneak (Spriggan Enchanter)             Turns: 2059, Time: 00:06:15

Health: -2/16      AC:  2    Str:  4    XL:     3   Next: 30%
Magic:  5/8        EV: 17    Int: 17    God:
Gold:   77         SH:  0    Dex: 15    Spells: 6/8 levels left

rFire   . . .      SeeInvis +   f - +0 dagger (speed)
rCold   . . .      Faith    .   (shield restricted)
rNeg    . . .      Spirit   .   b - +0 robe
rPois   .          Reflect  .   (helmet restricted)
rElec   .          Harm     .   (no cloak)
rCorr   .          Rampage  .   (gloves unavailable)
Will    .....                   (boots unavailable)
Stlth   +++.......              (no amulet)
HPRegen 0.05/turn               (no ring)
MPRegen 0.11/turn               (no ring)

@: very slightly contaminated, invisible, very quick
A: very small, no large weapons, unfitting armour, see invisible, speed 3
a: no special abilities


You were on level 2 of the Dungeon.
You visited 1 branch of the dungeon, and saw 2 of its levels.

You collected 77 gold pieces.

Inventory:

Hand Weapons
 a - a +1 dagger
 f - a +0 dagger of speed (weapon)
Armour
 b - a +0 robe (worn)
Jewellery
 e - a +6 ring of dexterity
Scrolls
 d - a scroll of identify


   Skills:
 + Level 1.2 Short Blades
 + Level 2.8 Dodging
 + Level 5.1 Stealth
 + Level 3.1 Spellcasting
 + Level 4.1 Hexes
 + Level 1.0 Ice Magic


You had 6 spell levels left.
You knew the following spells:

 Your Spells              Type           Power      Damage    Failure   Level
a - Ensorcelled Hibernat  Hex/Ice        22%        N/A       9%          2

Your spell library contained the following spells:

 Spells                   Type           Power      Damage    Failure   Level
 Confusing Touch          Hex            16%        N/A       10%         3
 Tukima's Dance           Hex            16%        N/A       10%         3
 Dazzling Flash           Conj/Hex       18%        N/A       22%         3


Dungeon Overview and Level Annotations

Branches:
Dungeon (2/15)

Altars:

Annotations:
D:2 Robin


Innate Abilities, Weirdness & Mutations

You are very small and have problems with some larger weapons.
You are too small for most types of armour.
You have supernaturally acute eyesight. (SInv)
You cover ground extremely quickly. (Speed+++)


Message History

Press: ? - help, Shift-Dir - straight line, f - goblin, p - goblin
Aim: a goblin, wielding a +0 club (strong, chance to affect: 60%)
You miscast Ensorcelled Hibernation.
You are very lightly contaminated with residual magic.
Nothing appears to happen.
The goblin barely misses you. x2
You hit the goblin.
The goblin is moderately wounded.
The goblin closely misses you. x2
You barely miss the goblin.
The goblin is moderately wounded.
The goblin closely misses you. x2
You hit the goblin.
The goblin is heavily wounded.
You hit the goblin.
You kill the goblin!
Robin throws the goblin at you! The goblin barely misses you.
You hit the goblin.
The goblin is moderately wounded.
A quokka comes into view.
The goblin barely misses you. The goblin hits you with a +0 dagger.
You hit the goblin.
The goblin is heavily wounded.
You hit the goblin.
The goblin is severely wounded.
The goblin completely misses you. x2
You closely miss the goblin.
The goblin is heavily wounded.
The goblin closely misses you.
You hit the goblin but do no damage.
The goblin is heavily wounded.
The goblin hits you with a +0 dagger.
You closely miss the goblin.
The goblin is heavily wounded.
The goblin hits you with a +0 dagger. x2
* * * LOW HITPOINT WARNING * * *
You fade into invisibility!
The goblin closely misses you.
Robin's horned helmet rattles.
The goblin hits you with a +0 dagger.
You die...

##...##...###.#
....####.## #.#
##### #.# #.# #
#.# #.# # #.# #.#
# #... #.# #
####.#.## #
####....########.
.
.........g@gggggr.
#####....#######g.
#.#.## #.#.# #.#.#
....# # ###


You could see Robin, a quokka, a hobgoblin (strong) and 5 goblins.

Vanquished Creatures
  A gnoll (D:1)
  A dart slug (D:1)
  2 ball pythons
  2 bats (D:1)
  An endoplasm (D:1)
  A giant cockroach (D:1)
  4 goblins
  2 hobgoblins (D:1)
  3 jackals (D:1)
  A quokka (D:1)
  6 kobolds (D:1)
  2 rats (D:1)
26 creatures vanquished.

Vanquished Creatures (others)
  6 withered plants (D:2)
6 creatures vanquished.

Grand Total: 32 creatures vanquished

Notes
Turn   | Place    | Note
-------+----------+-------------------------------------------
     0 | D:1      | Archison the Spriggan Enchanter began the quest for the
                  | Orb.
     0 | D:1      | Reached XP level 1. HP: 9/9 MP: 5/5
   741 | D:1      | Reached XP level 2. HP: 11/13 MP: 7/7
   744 | D:1      | Learned a level 2 spell: Ensorcelled Hibernation
  1293 | D:1      | Reached skill level 1 in Ice Magic
  1293 | D:1      | Reached XP level 3. HP: 16/16 MP: 5/8
  1843 | D:1      | Reached skill level 5 in Stealth
  2042 | D:2      | Noticed Robin
  2059 | D:2      | Slain by a goblin

Illustrated notes

Levels and vault maps discovered:
D:1:      evilmike_arrival_hilbert_curve, layout_basic,
          chequers_serial_rivers_large_b, st_stairs_11, minmay_pentomino_s4
D:2:      layout_loops_ring, ebering_ecumenical_altar_petrified,
          minmay_ruptured, uniq_robin

Skill      XL: |  1  2  3 |
---------------+----------+-----
Spellcasting   | 3 |  3.1
Hexes          | 4 |  4.1
Ice Magic      | 1 |  1.0
Stealth        | 5 |  5.1
Short Blades   | |  1.2
Dodging        | |  2.8

Action                   || total
-------------------------++-------
Melee: Dagger            ||    82
 Cast: Ensorcelled Hiber ||    18
  Use: Scroll            ||     1
       Potion            ||     1
 Stab: Sleeping          ||    18
Armor: Robe              ||    17
Dodge: Dodged            ||    91

Table legend: (Time is in decaauts)
 A = Elapsed time spent in this place.
 B = Non-inter-level travel time spent in this place.
 C = Inter-level travel time spent in this place.
 D = Time resting spent in this place.
 E = Time spent auto-exploring this place.
 F = Levels seen in this place.
 G = Mean time per level.
                   A        B        C        D        E       F      G
               +--------+--------+--------+--------+--------+-----+--------+
         Total |   1583 |   1561 |     22 |    584 |    464 |   2 |  791.5 |
       Dungeon |   1583 |   1561 |     22 |    584 |    464 |   2 |  791.5 |
               +--------+--------+--------+--------+--------+-----+--------+

Top non-repeatable levels by time:
     D:1: 1446 daAuts
     D:2: 136 daAuts
